 Dungeon Crawl Stone Soup version 0.27.1-15-g792fb953b9 (webtiles) character file.

Game seed: 1003050030480085756

466 ggallus the Shield-Bearer (level 6, -2/52 HPs)
             Began as a Minotaur Fighter on Nov 18, 2021.
             Slain by a gnoll (4 damage)
             ... on level 4 of the Dungeon.
             The game lasted 00:07:16 (3355 turns).

ggallus the Shield-Bearer (Minotaur Fighter)        Turns: 3355, Time: 00:07:16

Health: -2/52      AC:  9    Str: 23    XL:     6   Next: 81%
Magic:  5/5        EV:  9    Int:  5    God:
Gold:   218        SH: 11    Dex: 15    Spells: 5/5 levels left

rFire    . . .     SeeInvis .   a - +0 long sword
rCold    . . .     Faith    .   c - +0 kite shield
rNeg     . . .     Spirit   .   b - +0 scale mail
rPois    .         Reflect  .   (helmet restricted)
rElec    .         Harm     .   (no cloak)
rCorr    +         Rampage  .   (no gloves)
Will     .....                  (no boots)
Stlth    ..........             (no amulet)
HPRegen  0.17/turn              i - ring of resist corrosion
MPRegen  0.09/turn              m - +6 ring of dexterity

@: weak-willed
A: horns 2, retaliatory headbutt, iridescent scales 1
a: no special abilities


You were on level 4 of the Dungeon.
You visited 1 branch of the dungeon, and saw 4 of its levels.

You collected 218 gold pieces.

Inventory:

Hand Weapons
 a - a +0 long sword (weapon)
Armour
 b - a +0 scale mail (worn)
 c - a +0 kite shield (worn)
Jewellery
 i - a ring of resist corrosion (left hand)
 m - a +6 ring of dexterity (right hand)
Scrolls
 d - a scroll of immolation {unknown}
 e - 4 scrolls of identify
 f - a scroll of teleportation {unknown}
 g - a scroll of vulnerability
 k - a scroll of amnesia {unknown}
 l - a scroll of enchant weapon {unknown}


   Skills:
 + Level 4.1 Fighting
 + Level 5.4 Long Blades
 + Level 5.4 Armour
 + Level 2.2 Dodging
 + Level 0.7 Stealth
 + Level 5.6 Shields


You had 5 spell levels left.
You didn't know any spells.
Your spell library contained the following spells:

 Spells                   Type           Power      Damage    Failure   Level
 Animate Skeleton         Necr           0%         N/A       99%         1
 Pain                     Necr           0%         1d4       99%         1
 Vampiric Draining        Necr           0%         2d6       100%        3


Dungeon Overview and Level Annotations

Branches:
Dungeon (4/15)             Temple (0/1) D:4

Altars:
Dithmenos
Hepliaklqana
Makhleb
Uskayaw
Zin

Shops:
D:2 (


Innate Abilities, Weirdness & Mutations

You have a pair of horns on your head.
You reflexively headbutt those who attack you in melee.
You are partially covered in iridescent scales. (AC +2)


Message History

You block the gnoll's attack. The gnoll misses you.
The gnoll hits you but does no damage.
The gnoll hits you from afar with a +0 halberd!
You hit the gnoll. You headbutt the gnoll.
You kill the gnoll!
You block the gnoll's attack. You block the orc's attack.
You closely miss the orc. Your headbutt misses the orc.
The gnoll barely misses you. You block the orc's attack.
You hit the orc. Your headbutt misses the orc.
The orc is heavily wounded.
The orc barely misses you. The gnoll hits you but does no damage.
A gnoll comes into view. It is wielding a +0 spear.
Your shield and scale mail prevent you from hitting the orc.
You headbutt the orc.
You kill the orc!
The gnoll barely misses you. You block the gnoll's attack.
You barely miss the gnoll. You headbutt the gnoll!
The gnoll is severely wounded.
An orc comes into view. It is wielding a +0 hand axe.
The gnoll hits you from afar with a +0 halberd.
The gnoll hits you but does no damage.
You slash the gnoll!
You kill the gnoll!
You block the gnoll's attack. The orc hits you but does no damage.
You hit the orc. Your headbutt misses the orc.
The orc is heavily wounded.
You block the gnoll's attack. You block the orc's attack.
The gnoll hits you from afar with a +0 halberd!
* * * LOW HITPOINT WARNING * * *
You slash the orc!
You kill the orc!
The gnoll hits you from afar with a +0 halberd!
* * * LOW HITPOINT WARNING * * *
A gnoll comes into view. It is wielding a +0 spear.
Unknown command.
As you read the scroll labelled IREC ECKAY, it crumbles to dust.
Magic quickly surges around you.
It was a scroll of vulnerability.
You block the ogre's attack.
The gnoll hits you from afar with a +0 spear.
You die...

#># #.# #.## #⌠.⌠#### #..# #
+.>.# ##.####.# ## ⌠.⌠ #.)....#
..# #'# ##..#### #.# #.#
#####...# ###..# #.#
##....)#..#####)!.# ####.#####
#..##.###...gO@.# ###.........
###.###..####.g#######...........
............o...............P....
≈≈≈≈≈≈≈...)≈≈≈≈≈≈≈≈≈≈≈≈≈≈≈≈≈≈≈...
≈≈≈≈≈≈≈....≈≈≈≈≈≈≈≈≈≈≈≈≈≈≈≈≈≈≈...
≈≈≈≈≈≈≈....≈≈≈≈≈≈≈≈≈≈≈≈#####≈≈...
.........g.............#og.#≈≈...
#######''''#############)..#≈≈...
#....# #+###≈≈P..


You could see an ogre (weak-willed), 3 gnolls and an orc (weak-willed).

Vanquished Creatures
  Menkaure (D:4)
  2 hounds (D:4)
  An iguana (D:4)
  An orc wizard (D:4)
  10 gnolls (D:4)
  3 adders
  An adder skeleton (D:4)
  A worm (D:2)
  A dart slug (D:1)
  21 orcs
  A bat (D:2)
  3 endoplasms
  5 giant cockroaches
  8 goblins
  3 hobgoblins
  12 jackals (D:4)
  5 kobolds
  4 quokkas
  2 ball pythons
  3 frilled lizards
88 creatures vanquished.

Vanquished Creatures (others)
  6 plants
6 creatures vanquished.

Grand Total: 94 creatures vanquished

Notes
Turn   | Place    | Note
-------+----------+-------------------------------------------
     0 | D:1      | ggallus the Minotaur Fighter began the quest for the Orb.
     0 | D:1      | Reached XP level 1. HP: 19/19 MP: 0/0
   237 | D:1      | Reached XP level 2. HP: 25/27 MP: 1/1
   512 | D:1      | Found a faded altar of an unknown god.
  1030 | D:2      | Reached XP level 3. HP: 33/33 MP: 2/2
  1387 | D:2      | Found Woteawuw's Weapon Shoppe.
  1621 | D:3      | Reached XP level 4. HP: 35/40 MP: 3/3
  2306 | D:4      | Found a glowing silver altar of Zin.
  2306 | D:4      | Noticed an angel
  2368 | D:4      | Reached skill level 1 in Dodging
  2368 | D:4      | Reached XP level 5. HP: 27/46 MP: 4/4
  2515 | D:4      | Found a hazy altar of Hepliaklqana.
  2516 | D:4      | Found a hide-covered altar of Uskayaw.
  2523 | D:4      | Found a shadowy altar of Dithmenos.
  2549 | D:4      | Found a burning altar of Makhleb.
  2655 | D:4      | Reached skill level 5 in Shields
  2878 | D:4      | Reached skill level 5 in Long Blades
  2878 | D:4      | Reached XP level 6. HP: 28/52 MP: 5/5
  3035 | D:4      | Noticed Menkaure
  3047 | D:4      | Killed Menkaure
  3048 | D:4      | Reached skill level 5 in Armour
  3292 | D:4      | Found a staircase to the Ecumenical Temple.
  3326 | D:4      | Gained mutation: You are partially covered in iridescent
                  | scales. (AC +2) [potion of mutation]
  3354 | D:4      | HP: 2/52 [gnoll (11)]
  3355 | D:4      | Slain by a gnoll

Illustrated notes

Levels and vault maps discovered:
D:1:      lightli_molten_gateway, layout_loops_ring,
          shapermc_ecumenical_altar_venn
D:2:      layout_basic, serial_shops, nicolae_square_shop
D:3:      layout_rooms, fountainhead, kennysheep_small_spiral,
          serial_bayou_ford_a
D:4:      lemuel_castle_with_subvaults [lemuel_castle_interior_original],
          layout_rooms, zin_angel, mainiacjoe_overflow_divided_tiny,
          mainiacjoe_overflow_catch_the_wave, temple_doors_cd,
          minmay_fountain_box, uniq_menkaure

Skill      XL: |  1  2  3  4  5  6 |
---------------+-------------------+-----
Shields        | 4 5 |  5.6
Long Blades    | 3 4 5 |  5.4
Armour         | 4 5 |  5.4
Dodging        | 1 2 |  2.2
Fighting       | 4 |  4.1
Stealth        | |  0.7

Action                   |  1- 3 |  4- 6 || total
-------------------------+-------+-------++-------
Melee: Long sword        |    68 |   118 ||   186
       Headbutt          |     6 |    25 ||    31
  Use: Potion            |     1 |     5 ||     6
       Scroll            |       |     2 ||     2
Armor: Scale mail        |    55 |    76 ||   131
Dodge: Dodged            |    20 |    67 ||    87
Block: Kite shield       |    51 |    96 ||   147
       Rpst.: Long sword |     4 |    14 ||    18
